 Dungeon Crawl Stone Soup version 0.26.1-11-gd32895ea62 (webtiles) character file.

Game seed: 18367365028035326160

104 leviel the Shield-Bearer (level 4, -2/40 HPs)
             Began as a Minotaur Fighter on Apr 13, 2021.
             Killed from afar by an orc wizard (7 damage)
             ... with a puff of flame
             ... on level 3 of the Dungeon.
             The game lasted 00:05:12 (1837 turns).

leviel the Shield-Bearer (Minotaur Fighter)         Turns: 1837, Time: 00:05:12

Health: -2/40      AC:  7    Str: 18 (21) XL:     4   Next: 52%
Magic:  3/3        EV:  7    Int:  4 (5)  God:
Gold:   190        SH: 10    Dex:  7 (10) Spells: 3/3 levels left

rFire    . . .     SeeInvis .   a - +0 war axe
rCold    . . .     Faith    .   c - +1 kite shield
rNeg     . . .     Spirit   .   b - +0 scale mail
rPois    .         Reflect  .   (helmet restricted)
rElec    .         Harm     .   (no cloak)
rCorr    .         Rampage  .   (no gloves)
Will     .....                  (no boots)
Stlth    ..........             (no amulet)
HPRegen  0.13/turn              (no ring)
MPRegen  0.08/turn              (no ring)

@: no status effects
A: retaliatory headbutt, horns 2
a: no special abilities


You were on level 3 of the Dungeon.
You visited 1 branch of the dungeon, and saw 3 of its levels.

You collected 190 gold pieces.

Inventory:

Hand Weapons
 a - a +0 war axe (weapon)
Armour
 b - a +0 scale mail (worn)
 c - a +1 kite shield (worn)
Jewellery
 f - an uncursed ring of wizardry {unknown}
Wands
 k - a wand of flame (23)
Scrolls
 h - a scroll of teleportation
 i - a scroll of remove curse
 j - a scroll of fog
 l - 2 scrolls of identify
Potions
 d - a potion of might
 e - a potion of attraction


   Skills:
 + Level 4.0 Fighting
 + Level 4.0 Axes
 + Level 4.2 Armour
 + Level 0.2 Dodging
 + Level 4.7 Shields


You had 3 spell levels left.
You didn't know any spells.
Your spell library was empty.

Dungeon Overview and Level Annotations

Branches:
Dungeon (3/15)

Altars:
Trog
Vehumet


Innate Abilities, Weirdness & Mutations

You reflexively headbutt those who attack you in melee.
You have a pair of horns on your head.


Message History

You closely miss the orc wizard.
The orc wizard points at you and mumbles some strange words.
The magic dart hits you.
The orc wizard hits you but does no damage.
You barely miss the orc wizard. Your headbutt misses the orc wizard.
The orc wizard completely misses you.
The orc wizard hits you but does no damage.
You barely miss the orc wizard. Your headbutt misses the orc wizard.
The orc wizard closely misses you. You furiously retaliate!
You headbutt the orc wizard.
The orc priest mumbles some strange prayers to Beogh against you.
Beogh smites you! The orc wizard casts a spell at you.
The puff of frost hits you!
* * * LOW HITPOINT WARNING * * *
You hit the orc wizard.
The orc wizard is heavily wounded.
The orc wizard gestures at you while chanting.
The puff of flame hits you!
You die...

#########
..†.....#############
#######.#.......@ooo#
...####.#.#########.#
........#.# *,*
...####.#.####### *,*
#...............###,*
##.##.............#,*
......#.#.#####.#†#,*
....###.#.#####.#.#,*
....#.......##..#.#,*


You could see an orc priest, an orc wizard (fast) and an orc.

Vanquished Creatures
  3 adders
  3 worms
  2 dart slugs
  A leopard gecko (D:2)
  5 orcs
  2 bats
  3 giant cockroaches (D:2)
  6 goblins
  5 hobgoblins
  7 jackals (D:3)
  3 kobolds
  3 quokkas
  2 ball pythons (D:1)
  2 frilled lizards
  8 rats
55 creatures vanquished.

Notes
Turn   | Place    | Note
-------+----------+-------------------------------------------
     0 | D:1      | leviel the Minotaur Fighter began the quest for the Orb.
     0 | D:1      | Reached XP level 1. HP: 19/19 MP: 0/0
   244 | D:1      | Reached XP level 2. HP: 27/27 MP: 1/1
   761 | D:2      | Reached XP level 3. HP: 23/33 MP: 2/2
  1037 | D:2      | Found a radiant altar of Vehumet.
  1244 | D:2      | Found a bloodstained altar of Trog.
  1424 | D:3      | Reached XP level 4. HP: 40/40 MP: 3/3
  1651 | D:3      | Found a faded altar of an unknown god.
  1837 | D:3      | Killed from afar by an orc wizard

Illustrated notes

Levels and vault maps discovered:
D:1:      dpeg_arrival_tiny_a, layout_rooms, hex_tiny, st_stairs_13,
          chequers_serial_rivers_marsh
D:2:      layout_basic, nicolae_overflow_crystal_walls, trog_butcher_becter
D:3:      kennysheep_six_static_rooms, layout_loops_ring,
          chequers_ecumenical_altar_simple_redux

Skill      XL: |  1  2  3  4 |
---------------+-------------+-----
Armour         | 4 |  4.2
Fighting       | 4 |  4.0
Shields        | 4 |  4.7
Axes           | 3 4 |  4.0
Dodging        | |  0.2

Action                   |  1- 3 |  4- 6 || total
-------------------------+-------+-------++-------
Melee: War axe           |    83 |    45 ||   128
       Headbutt          |    14 |     4 ||    18
  Use: Scroll            |       |     9 ||     9
       Potion            |       |     1 ||     1
Armor: Scale mail        |    25 |    16 ||    41
Dodge: Dodged            |    22 |    13 ||    35
Block: Kite shield       |    42 |    22 ||    64
